 Dungeon Crawl Stone Soup version 0.23.2-33-g5129a83184 (webtiles) character file.

Game seed: 384364900552170280

26226 EcosseEcosse the Basher (level 12, 0/110 HPs)
             Began as a Minotaur Fighter on June 28, 2019.
             Was the Champion of Makhleb.
             Slain by a sixfirhy (9 damage)
             ... summoned by an orc high priest
             ... while paralysed
             ... on level 1 of the Orcish Mines.
             The game lasted 00:52:08 (14062 turns).

EcosseEcosse the Basher (Minotaur Fighter)         Turns: 14062, Time: 00:52:08

Health: 0/110      AC: 17    Str: 21    XL:     12   Next: 96%
Magic:  11/11      EV:  2    Int:  5    God:    Makhleb [******]
Gold:   1539       SH:  0    Dex: 15    Spells: 11/11 levels left

rFire    + . .     SeeInvis .   M - +4 mace (drain)
rCold    x . .     Gourm    .   c - +0 shield
rNeg     . . .     Faith    .   b - +3 scale mail
rPois    .         Spirit   .   (helmet restricted)
rElec    .         Reflect  .   (no cloak)
rCorr    .         Harm     .   (no gloves)
MR       .....                  (no boots)
Stlth    +.........             t - amulet of rage
HPRegen  0.28/turn              u - +6 ring of protection
MPRegen  0.12/turn              H - ring of fire

@: paralysed, berserk cooldown, starving, slowed, studying Summonings
A: retaliatory headbutt, horns 2
a: Minor Destruction, Lesser Servant of Makhleb, Major Destruction, Greater
Servant of Makhleb, Renounce Religion, Evoke Berserk Rage


You were on level 1 of the Orcish Mines.
You worshipped Makhleb.
Makhleb was exalted by your worship.
You were starving.

You visited 2 branches of the dungeon, and saw 13 of its levels.

You collected 1658 gold pieces.
You spent 119 gold pieces at shops.

Inventory:

Hand Weapons
 a - a +1 war axe
 d - a +0 blowgun
 l - a +2 short sword of holy wrath
 q - a +2 flail of draining
 J - a +0 trident of venom
 L - a +1 great sword of flaming
 M - a +4 mace of draining (weapon)
Missiles
 p - 59 poisoned needles (quivered)
Armour
 b - a +3 scale mail (worn)
 c - a +0 shield (worn)
 B - a +1 plate armour
Jewellery
 t - an amulet of rage (around neck)
 u - a +6 ring of protection (left hand)
 H - a ring of fire (right hand)
Wands
 m - a wand of digging (5)
 r - a wand of acid (6)
 D - a wand of paralysis (17)
Scrolls
 e - 3 scrolls of identify
 i - 4 scrolls of amnesia
 j - 8 scrolls of magic mapping
 n - 3 scrolls of remove curse
 s - 6 scrolls of teleportation
 v - 2 scrolls of fog
 C - a scroll of blinking
 F - 2 scrolls of random uselessness
 G - a scroll of acquirement
 I - a scroll of vulnerability
 K - a scroll of immolation
Potions
 g - a potion of degeneration
 h - a potion of brilliance
 o - a potion of flight
 w - a potion of lignification {unknown}
 x - 2 potions of ambrosia
 z - a potion of agility
 A - a potion of invisibility
 E - a potion of resistance {unknown}
Books
 y - a manual of Summonings
Comestibles
 f - 16 rations


   Skills:
 + Level 11.0 Fighting
 + Level 1.8 Short Blades
 + Level 6.5(11.3) Axes
 + Level 14.0(14.5) Maces & Flails
 + Level 0.1 Throwing
 + Level 9.6 Armour
 + Level 6.9 Dodging
 + Level 2.6 Stealth
 + Level 13.5 Shields


You had 11 spell levels left.
You didn't know any spells.
Your spell library contained the following spells:

 Spells                   Type           Power        Failure   Level  Hunger
 Magic Dart               Conj           #...         83%         1    ##.....
 Blink                    Tloc           N/A          92%         2    ###....
 Call Imp                 Summ           #.......     92%         2    ###....
 Searing Ray              Conj           #.....       92%         2    ###....
 Slow                     Hex            #.......     92%         2    ###....
 Conjure Flame            Conj/Fire      #.......     99%         3    ####...
 Dazzling Spray           Conj/Hex       #.....       99%         3    ####...
 Mephitic Cloud           Conj/Pois/Air  #.......     99%         3    ####...
 Force Lance              Conj/Tloc      #.......     100%        4    #####..
 Fulminant Prism          Conj/Hex       #.........   100%        4    #####..
 Iskenderun's Mystic Bla  Conj           #.......     100%        4    #####..


Dungeon Overview and Level Annotations

Branches:
Dungeon (11/15)            Temple (0/1) D:7            Lair (0/6) D:9
    Orc (2/2) D:11            Elf (0/3) Orc:2

Altars:
Ashenzari
Dithmenos
Elyvilon
Hepliaklqana
Kikubaaqudgha
Makhleb
Nemelex Xobeh
Okawaru
Qazlal
Ru
Trog
Uskayaw
Yredelemnul

Shops:
D:6 [   Orc:2 [(:*

Annotations:
D:11 Electrofox's ghost, journeyman TrMo


Innate Abilities, Weirdness & Mutations

You reflexively headbutt those who attack you in melee.
You have a pair of horns on your head.


Message History

You block the orc high priest's attack.
Your shield prevents you from hitting the orc warlord.
You headbutt the orc warlord.
The orc warlord is almost dead.
You hit the orc warlord but do no damage.
The orc warlord is almost dead.
You block the orc warlord's attack. The chaos spawn closely misses you.
You furiously retaliate!
You headbutt the chaos spawn. You completely miss the orc warlord.
Your headbutt misses the orc warlord.
The orc warlord is almost dead.
You block the orc high priest's attack.
The orc warlord hits you with a +0 great sword!
* * * LOW HITPOINT WARNING * * *
The sixfirhy closely misses you. You furiously retaliate!
You headbutt the sixfirhy!! The sixfirhy barely misses you.
You feel a strong urge to attack something.
You are no longer berserk.
You pass out from exhaustion.
You feel yourself slow down. The sixfirhy hits you!
You die...

###.#.#.### ### ........## ###.#
.........# ##.#.## ........##
##.....#### .........##
#.........# ...#.#....#
#.........### .........##
####..o4.....#.# .#....#.###
#...3o4......#.#
###.......####..@..##.......###
#...........#.....>#.#..[.....##
........#....#....######.>.....#
#.....#####.##......##.#.[...###
##...## ####..............##
##### #...............#
##......[....#### ###..........#
#......#####


You could see an orc warlord, an orc high priest, a hellwing, a sixfirhy and a
chaos spawn.

Vanquished Creatures
  Josephine (D:11)
  5 two-headed ogres
  The ghost of bocha96 the Cleaver, a novice DsCK of Xom (D:10)
  3 orc high priests (Orc:2)
  A wolf spider (D:10)
  2 orc sorcerers
  3 orc knights
  A cyclops (Orc:2)
  3 ugly things (D:11)
  Maurice (D:8)
  7 trolls
  3 hippogriffs
  13 yaks
  2 shadows (D:11)
  2 wyverns
  4 wraiths
  4 wargs
  A water moccasin (D:6)
  4 porcupines (D:9)
  A hornet zombie (D:8)
  20 orc warriors
  4 ice beasts
  6 black bears
  2 eyes of draining
  A necrophage (D:10)
  3 sky beasts
  4 phantoms
  2 centaurs
  11 ogres
  2 crocodiles (D:9)
  2 big kobolds
  14 bullfrogs
  A gnoll sergeant (D:7)
  7 scorpions
  19 killer bees
  3 wights (D:11)
  3 howler monkeys
  5 crimson imps
  2 bullfrog zombies
  4 jellies
  5 hounds
  2 centaur skeletons
  15 orc priests
  14 orc wizards
  A bullfrog skeleton (D:11)
  2 iguanas
  8 worker ants
  2 hound skeletons
  A howler monkey zombie (D:7)
  Robin (D:3)
  4 gnolls (D:7)
  19 adders
  2 shadow imps
  An ooze (D:6)
  2 adder zombies (D:8)
  3 adder skeletons
  2 worms
  2 dart slugs
  11 leopard geckos
  82 orcs
  A ball python (D:1)
  9 giant cockroaches
  15 goblins
  9 hobgoblins
  4 jackals (D:3)
  11 kobolds
  5 quokkas
  A ball python skeleton (D:4)
  5 bats
  6 frilled lizards
  A leopard gecko zombie (D:6)
  3 quokka skeletons
  7 rats
  A spectral orc (D:8)
434 creatures vanquished.

Vanquished Creatures (others)
  11 fungi
  A plant (D:9)
  2 withered plants (D:11)
14 creatures vanquished.

Grand Total: 448 creatures vanquished

Notes
Turn   | Place    | Note
-------+----------+-------------------------------------------
     0 | D:1      | EcosseEcosse the Minotaur Fighter began the quest for the
                  | Orb.
     0 | D:1      | Reached XP level 1. HP: 19/19 MP: 0/0
   496 | D:1      | Reached XP level 2. HP: 27/27 MP: 1/1
   906 | D:2      | Reached XP level 3. HP: 30/33 MP: 2/2
  1188 | D:2      | Found a faded altar of an unknown god.
  1204 | D:2      | Reached XP level 4. HP: 40/40 MP: 3/3
  1260 | D:3      | Noticed a bullfrog
  1264 | D:3      | Killed a bullfrog
  1303 | D:3      | Reached skill level 1 in Dodging
  1303 | D:3      | Reached XP level 5. HP: 46/46 MP: 4/4
  1439 | D:3      | Noticed Robin
  1461 | D:3      | Killed Robin
  2108 | D:3      | Found a bloodstained altar of Trog.
  2511 | D:3      | Found a stormy altar of Qazlal.
  2529 | D:3      | Reached XP level 6. HP: 50/53 MP: 5/5
  2702 | D:4      | Reached skill level 5 in Shields
  2705 | D:4      | Reached skill level 5 in Axes
  3061 | D:4      | Found a burning altar of Makhleb.
  3066 | D:4      | Became a worshipper of Makhleb the Destroyer
  3172 | D:4      | Found a sacrificial altar of Ru.
  3236 | D:4      | Reached skill level 5 in Armour
  3296 | D:4      | Reached skill level 1 in Short Blades
  3782 | D:4      | Found an ancient bone altar of Kikubaaqudgha.
  3912 | D:5      | Entered Level 5 of the Dungeon
  3927 | D:5      | Reached XP level 7. HP: 60/60 MP: 6/6
  3962 | D:5      | Found an iron altar of Okawaru.
  3972 | D:5      | Reached skill level 5 in Fighting
  4037 | D:5      | Reached skill level 1 in Maces & Flails
  4070 | D:5      | Found a white marble altar of Elyvilon.
  4090 | D:5      | Reached skill level 2 in Maces & Flails
  4136 | D:5      | Reached * piety under Makhleb
  4621 | D:5      | Reached skill level 3 in Maces & Flails
  4670 | D:6      | Found Fuetiom's Antique Armour Emporium.
  4676 | D:6      | Reached XP level 8. HP: 63/68 MP: 7/7
  4747 | D:6      | Reached skill level 4 in Maces & Flails
  4929 | D:6      | Reached skill level 5 in Maces & Flails
  4965 | D:6      | Reached skill level 1 in Stealth
  5163 | D:6      | Found a shattered altar of Ashenzari.
  5309 | D:6      | Found a hide-covered altar of Uskayaw.
  5316 | D:6      | Reached skill level 6 in Maces & Flails
  5885 | D:7      | Reached XP level 9. HP: 73/75 MP: 8/8
  5948 | D:7      | Reached ** piety under Makhleb
  6033 | D:7      | Reached skill level 7 in Maces & Flails
  6190 | D:7      | Reached skill level 8 in Maces & Flails
  6328 | D:7      | Found a staircase to the Ecumenical Temple.
  6733 | D:8      | Found a shadowy altar of Dithmenos.
  6760 | D:8      | Noticed a two-headed ogre
  6781 | D:8      | Killed a two-headed ogre
  6781 | D:8      | Reached skill level 9 in Maces & Flails
  6781 | D:8      | Reached XP level 10. HP: 86/86 MP: 9/9
  6841 | D:8      | Noticed Maurice
  6917 | D:8      | Killed Maurice
  6945 | D:8      | Found a sparkling altar of Nemelex Xobeh.
  6969 | D:8      | Reached *** piety under Makhleb
  7079 | D:8      | Reached skill level 10 in Maces & Flails
  7086 | D:8      | Found a hazy altar of Hepliaklqana.
  7214 | D:8      | Found a basalt altar of Yredelemnul.
  7380 | D:9      | Noticed a two-headed ogre
  7396 | D:9      | Killed a two-headed ogre
  7396 | D:9      | Reached skill level 5 in Dodging
  7412 | D:9      | Reached skill level 10 in Shields
  7433 | D:9      | Found a staircase to the Lair.
  7461 | D:9      | Reached **** piety under Makhleb
  7479 | D:9      | Reached XP level 11. HP: 97/97 MP: 10/10
  7565 | D:9      | Reached skill level 11 in Maces & Flails
  8003 | D:10     | Entered Level 10 of the Dungeon
  8395 | D:10     | Reached ***** piety under Makhleb
  8397 | D:10     | Noticed a two-headed ogre
  8409 | D:10     | Killed a two-headed ogre
  9034 | D:10     | Reached skill level 12 in Maces & Flails
  9037 | D:10     | Found a runed translucent door.
  9037 | D:10     | Noticed bocha96's ghost (novice DsCK)
  9037 | D:10     | Noticed a wolf spider
  9053 | D:10     | Killed a wolf spider
  9096 | D:10     | Killed bocha96's ghost
  9350 | D:10     | Identified a scroll of acquirement
  9498 | D:11     | Noticed a two-headed ogre
  9514 | D:11     | Killed a two-headed ogre
  9514 | D:11     | Reached skill level 10 in Fighting
  9666 | D:11     | Found a staircase to the Orcish Mines.
  9787 | D:11     | Noticed Josephine
  9803 | D:11     | Killed Josephine
  9815 | D:11     | Reached XP level 12. HP: 91/106 MP: 2/11
  9902 | D:11     | Reached skill level 13 in Maces & Flails
 10022 | D:11     | Noticed a two-headed ogre
 10029 | D:11     | Killed a two-headed ogre
 10094 | D:11     | Found a runed translucent door.
 10095 | D:11     | Noticed Electrofox's ghost (journeyman TrMo)
 10887 | Orc:1    | Entered Level 1 of the Orcish Mines
 11239 | Orc:2    | Entered Level 2 of the Orcish Mines
 11328 | Orc:2    | Found Juuramua's Antique Weapon Boutique.
 11336 | Orc:2    | Noticed an orc high priest
 11899 | Orc:2    | Killed an orc high priest
 11932 | Orc:2    | Found Geuwk's General Store.
 11932 | Orc:2    | Noticed an orc high priest
 12587 | Orc:2    | Killed an orc high priest
 12608 | Orc:2    | Bought a scroll of identify for 34 gold pieces
 12608 | Orc:2    | Bought a potion of heal wounds for 85 gold pieces
 12635 | Orc:2    | Noticed an orc high priest
 12682 | Orc:2    | Killed an orc high priest
 12741 | Orc:2    | Reached skill level 14 in Maces & Flails
 12742 | Orc:2    | Found Qynish's Antique Armour Boutique.
 12771 | Orc:2    | Found a staircase to the Elven Halls.
 13302 | Orc:2    | Found Ifadang's Book Shop.
 13417 | Orc:1    | Reached ****** piety under Makhleb
 13617 | Orc:2    | Noticed an orc warlord
 13644 | Orc:2    | Noticed an orc high priest
 13646 | Orc:2    | Noticed an orc high priest
 13693 | Orc:2    | HP: 5/110 [warg (9)]
 13704 | Orc:1    | HP: 3/110 [warg (3)]
 14062 | Orc:1    | Slain by a sixfirhy

Skill      XL: |  1  2  3  4  5  6  7  8  9 10 11 12 |
---------------+-------------------------------------+-----
Armour         | 4 5 6 7 8 9 |  9.6
Shields        | 4 5 7 8 10 11 13 | 13.5
Axes           | 3 4 5 6 |  6.5
Fighting       | 4 5 6 7 9 10 11 | 11.0
Dodging        | 1 2 4 5 6 |  6.9
Short Blades   | 1 |  1.8
Maces & Flails | 3 6 9 10 12 14 | 14.0
Stealth        | 1 2 |  2.6
Throwing       | |  0.1

Action                   |  1- 3 |  4- 6 |  7- 9 | 10-12 || total
-------------------------+-------+-------+-------+-------++-------
Melee: War axe           |    85 |   154 |       |       ||   239
       Headbutt          |     9 |    28 |    55 |   247 ||   339
       Short sword       |       |    31 |       |       ||    31
       Flail             |       |     3 |   322 |   480 ||   805
       Mace              |       |       |       |   521 ||   521
 Fire: Blowgun           |       |     5 |       |       ||     5
 Abil: Evoke Berserk Rag |       |       |       |     1 ||     1
  Use: Potion            |       |     1 |     3 |     5 ||     9
       Scroll            |       |    10 |     2 |    14 ||    26
  Eat: Chunk             |       |     6 |     5 |     8 ||    19
       Ration            |       |     1 |     2 |     4 ||     7
Armor: Scale mail        |    32 |    76 |   147 |   329 ||   584
Dodge: Dodged            |    26 |    58 |   117 |   354 ||   555
Block: Shield            |    50 |   113 |   160 |   593 ||   916
